APL (24 & UNDER)
PENSACOLA PILOTS @ SAVANNAH HOGS
07/05/2027
 
TOP OF THE 1ST
Pensacola Pilots batting - Pitching for Savannah Hogs : RHP Danny Lee
Pitching: RHP Danny Lee
Batting: RHB Leopoldo Horgan 0-0: Called Strike
0-1: Called Strike
0-2: Strikes out looking
Batting: SHB Fernando Gutiérrez 0-0: Called Strike
0-1: Ball
1-1: SOLO HOME RUN (Flyball, 8RXD), Distance : 414 ft
Batting: RHB Jesús Sánchez 0-0: Called Strike
0-1: Foul Ball, location: 2F
0-2: Ball
1-2: Ball
2-2: Ball
3-2: Foul Ball, location: 2F
3-2: SINGLE (Flyball, 7S)
Batting: RHB Julian Lee 0-0: Ball
1-0: SINGLE (Groundball, 34D) - runner OUT being hit by batted ball.
Batting: RHB Jonny Lord 0-0: Called Strike
0-1: Ball
1-1: Foul Ball, location: 2F
1-2: Strikes out swinging
Top of the 1st over - 1 run(s), 3 hit(s), 0 error(s), 1 left on base; Pensacola 1 - Savannah 0
BOTTOM OF THE 1ST
Savannah Hogs batting - Pitching for Pensacola Pilots : LHP Mario Galván
Pitching: LHP Mario Galván
Batting: RHB Ernesto Gómez 0-0: Ball
1-0: Swinging Strike
1-1: Swinging Strike
1-2: Foul Ball, location: 2F
1-2: Foul Ball, location: 2F
1-2: Strikes out swinging
Batting: RHB Sergio Moreno 0-0: Called Strike
0-1: Ball
1-1: Fly out, F8 (Flyball, 8LXD)
Batting: RHB Remi Eruzione 0-0: Ball
1-0: Called Strike
1-1: SINGLE (Groundball, 56D)
Batting: RHB Henry Dawson 0-0: Ball
Remi Eruzione steals 2nd base
Balk!
Remi Eruzione to third
1-0: Swinging Strike
1-1: Foul Ball, location: 2F
1-2: Strikes out swinging
Bottom of the 1st over - 0 run(s), 1 hit(s), 0 error(s), 1 left on base; Pensacola 1 - Savannah 0
TOP OF THE 2ND
Pensacola Pilots batting - Pitching for Savannah Hogs : RHP Danny Lee
Batting: RHB Roberto Gómez 0-0: Foul Ball, location: 2F
0-1: Called Strike
0-2: Fly out, F8 (Flyball, 8RM)
Batting: LHB Nick Gamble 0-0: Foul Ball, location: 2F
0-1: TRIPLE (Line Drive, 7LS)
Batting: RHB Markus Cummins 0-0: Ball
1-0: Called Strike
1-1: Called Strike
1-2: Strikes out swinging
Batting: RHB Jesús García 0-0: Called Strike
0-1: Ball
1-1: Swinging Strike
1-2: Reached on error, E5 (Groundball, 56)
Nick Gamble scores
Batting: RHB Leopoldo Horgan 0-0: Ball
1-0: Ball
2-0: Ball
3-0: Called Strike
3-1: Base on Balls
Jesús García to second
Batting: SHB Fernando Gutiérrez 0-0: Called Strike
0-1: Ball
1-1: Foul Ball, location: 2F
1-2: Strikes out looking
Top of the 2nd over - 1 run(s), 1 hit(s), 1 error(s), 2 left on base; Pensacola 2 - Savannah 0
BOTTOM OF THE 2ND
Savannah Hogs batting - Pitching for Pensacola Pilots : LHP Mario Galván
Batting: LHB Ivan Costello 0-0: Ball
1-0: Hit by Pitch
Batting: LHB Juan Delgado 0-0: Fly out, F9 (Flyball, 9LM)
Batting: RHB Ignacio Rangel 0-0: Ball
1-0: Fielders Choice at 2nd, 4-6 (Groundball, 4)
Batting: RHB Júlio Peńa 0-0: Ball
1-0: Ball
2-0: Fielders Choice at 2nd, 4-6 (Groundball, 34)
Bottom of the 2nd over - 0 run(s), 0 hit(s), 0 error(s), 0 left on base; Pensacola 2 - Savannah 0
TOP OF THE 3RD
Pensacola Pilots batting - Pitching for Savannah Hogs : RHP Danny Lee
Batting: RHB Jesús Sánchez 0-0: SINGLE (Groundball, 13S) (infield hit)
Batting: RHB Julian Lee 0-0: DOUBLE (Groundball, 5L)
Jesús Sánchez to third
Batting: RHB Jonny Lord 0-0: Ground out 5-3 (Groundball, 56S)
Jesús Sánchez scores
Julian Lee to third
Batting: RHB Roberto Gómez 0-0: Foul Ball, location: 2F
0-1: Called Strike
0-2: Ball
1-2: Foul Ball, location: 2F
1-2: Ball
2-2: Ball
3-2: Base on Balls
Batting: LHB Nick Gamble 0-0: Ball
1-0: Called Strike
1-1: Foul Ball, location: 2F
1-2: Foul Ball, location: 2F
1-2: Ball
2-2: Ball
3-2: Base on Balls
Roberto Gómez to second
Batting: RHB Markus Cummins 0-0: Ground out 5-3 (Groundball, 56S)
Julian Lee scores
Roberto Gómez to third
Nick Gamble to second
Batting: RHB Jesús García 0-0: Ball
1-0: Foul Ball, location: 2F
1-1: Ball
2-1: Foul Ball, location: 2F
2-2: Strikes out looking
Top of the 3rd over - 2 run(s), 2 hit(s), 0 error(s), 2 left on base; Pensacola 4 - Savannah 0
BOTTOM OF THE 3RD
Savannah Hogs batting - Pitching for Pensacola Pilots : LHP Mario Galván
Batting: LHB Jim Clemente 0-0: Ball
1-0: Ball
2-0: Called Strike
2-1: Ball
3-1: Base on Balls
Batting: RHB Ernesto Gómez 0-0: Ball
1-0: Ground out 3-1 (Groundball, 34S)
Jim Clemente to second
Batting: RHB Sergio Moreno 0-0: Ball
1-0: Swinging Strike
1-1: Called Strike
1-2: Ball
2-2: Foul Ball, location: 2F
2-2: Strikes out swinging
Batting: RHB Remi Eruzione 0-0: Fly out, F9 (Flyball, 89S)
Bottom of the 3rd over - 0 run(s), 0 hit(s), 0 error(s), 1 left on base; Pensacola 4 - Savannah 0
TOP OF THE 4TH
Pensacola Pilots batting - Pitching for Savannah Hogs : RHP Danny Lee
Batting: RHB Leopoldo Horgan 0-0: Ball
1-0: Ground out 4-3 (Groundball, 4)
Batting: SHB Fernando Gutiérrez 0-0: Foul Ball, location: 2F
0-1: Ball
1-1: Ball
2-1: Ball
3-1: Base on Balls
Batting: RHB Jesús Sánchez 0-0: Ball
1-0: Ball
2-0: Ball
3-0: Base on Balls
Fernando Gutiérrez to second
Batting: RHB Julian Lee 0-0: Ball
1-0: SINGLE (Groundball, 6D)
Fernando Gutiérrez to third
Jesús Sánchez to second
Throwing error, E7
Fernando Gutiérrez scores
Jesús Sánchez to third
Julian Lee to second
Batting: RHB Jonny Lord 0-0: Fly out, F9 (Flyball, 9)
Runner from 3rd tags up, SCORES, throw made
Pitching: LHP Roberto Barrón
Batting: RHB Roberto Gómez 0-0: Ball
1-0: Called Strike
1-1: Ball
2-1: SINGLE (Line Drive, 78S)
Julian Lee to third
Runner from 3rd tries for Home, SAFE, no throw
Batting: LHB Nick Gamble 0-0: Swinging Strike
0-1: Ball
1-1: Called Strike
1-2: Ball
2-2: Foul Ball, location: 2F
2-2: Fly out, F7 (Flyball, 7LS)
Top of the 4th over - 3 run(s), 2 hit(s), 1 error(s), 1 left on base; Pensacola 7 - Savannah 0
BOTTOM OF THE 4TH
Savannah Hogs batting - Pitching for Pensacola Pilots : LHP Mario Galván
Batting: RHB Henry Dawson 0-0: Fly out, F8 (Flyball, 8LS)
Batting: LHB Ivan Costello 0-0: Called Strike
0-1: Called Strike
0-2: Strikes out swinging
Batting: LHB Juan Delgado 0-0: Ball
1-0: Ball
2-0: Fly out, F4 (Popup, 4D)
Bottom of the 4th over - 0 run(s), 0 hit(s), 0 error(s), 0 left on base; Pensacola 7 - Savannah 0
TOP OF THE 5TH
Pensacola Pilots batting - Pitching for Savannah Hogs : LHP Roberto Barrón
Batting: RHB Markus Cummins 0-0: Swinging Strike
0-1: Called Strike
0-2: SINGLE (Flyball, 8LS)
Batting: RHB Jesús García 0-0: Swinging Strike
0-1: Grounds into double play, 6-4-3 (Groundball, 6)
Batting: RHB Leopoldo Horgan 0-0: Ball
1-0: Foul Ball, location: 2F
1-1: Foul Ball, location: 2F
1-2: Strikes out swinging
Top of the 5th over - 0 run(s), 1 hit(s), 0 error(s), 0 left on base; Pensacola 7 - Savannah 0
BOTTOM OF THE 5TH
Savannah Hogs batting - Pitching for Pensacola Pilots : LHP Mario Galván
Batting: RHB Ignacio Rangel 0-0: Ball
1-0: Reached on error, E5 (Groundball, 5L)
Batting: RHB Júlio Peńa 0-0: Called Strike
0-1: Called Strike
0-2: Strikes out swinging
Batting: LHB Jim Clemente 0-0: Swinging Strike
0-1: Ball
1-1: Ball
2-1: Fielders Choice at 2nd, U4 (Groundball, 6M)
Batting: RHB Ernesto Gómez 0-0: Swinging Strike
0-1: Swinging Strike
0-2: Strikes out looking
Bottom of the 5th over - 0 run(s), 0 hit(s), 1 error(s), 1 left on base; Pensacola 7 - Savannah 0
TOP OF THE 6TH
Pensacola Pilots batting - Pitching for Savannah Hogs : LHP Roberto Barrón
Batting: SHB Fernando Gutiérrez 0-0: Swinging Strike
0-1: Ball
1-1: Ball
2-1: Swinging Strike
2-2: Foul Ball, location: 2F
2-2: Ball
3-2: Foul Ball, location: 2F
3-2: Strikes out looking
Batting: RHB Jesús Sánchez 0-0: Ball
1-0: Ground out 5-3 (Groundball, 5)
Batting: RHB Julian Lee 0-0: Called Strike
0-1: Foul Ball, location: 2F
0-2: Ball
1-2: Ball
2-2: Ball
3-2: Foul Ball, location: 2F
3-2: Foul Ball, location: 2F
3-2: SINGLE (Groundball, 6MD)
Batting: RHB Jonny Lord 0-0: Foul Ball, location: 2F
0-1: SINGLE (Flyball, 8LS)
Julian Lee to second
Throwing error, E8
Julian Lee scores
Jonny Lord to second
Batting: RHB Roberto Gómez 0-0: Ball
1-0: Ball
2-0: Ball
3-0: Base on Balls
Batting: LHB Nick Gamble 0-0: Ball
1-0: Ball
2-0: Ball
3-0: Base on Balls
Jonny Lord to third
Roberto Gómez to second
Batting: RHB Markus Cummins 0-0: Ball
1-0: Ball
2-0: Ball
3-0: Called Strike
3-1: DOUBLE (Flyball, 89M)
Jonny Lord scores
Roberto Gómez scores
Nick Gamble to third
Runner from 3rd tries for Home, SAFE, no throw
Pitching: RHP Álex Solano
Batting: RHB Jesús García 0-0: Called Strike
0-1: Swinging Strike
0-2: Ball
1-2: Ball
2-2: Foul Ball, location: 2F
2-2: Strikes out swinging
Top of the 6th over - 4 run(s), 3 hit(s), 1 error(s), 1 left on base; Pensacola 11 - Savannah 0
BOTTOM OF THE 6TH
Savannah Hogs batting - Pitching for Pensacola Pilots : LHP Mario Galván
Batting: RHB Sergio Moreno 0-0: Foul Ball, location: 2F
0-1: Ball
1-1: SINGLE (Flyball, 6MD)
Batting: RHB Remi Eruzione 0-0: SINGLE (Line Drive, 9S)
Sergio Moreno to second
Runner from 2nd tries for 3rd, SAFE, throw made to third
Batting: RHB Henry Dawson 0-0: Ball
1-0: Called Strike
1-1: Foul Ball, location: 2F
1-2: Strikes out swinging
Batting: LHB Ivan Costello 0-0: Called Strike
0-1: Ball
Remi Eruzione steals 2nd base
1-1: Fly out, F9 (Flyball, 89D)
Runner from 3rd tags up, SCORES, no throw
Remi Eruzione to third
Batting: LHB Juan Delgado 0-0: Called Strike
0-1: Called Strike
0-2: 2-RUN HOME RUN (Flyball, 89XD), Distance : 405 ft
Batting: RHB Ignacio Rangel 0-0: Ball
1-0: Ball
2-0: Ball
3-0: Called Strike
3-1: Foul Ball, location: 2F
3-2: Fly out, F4 (Line Drive, 4)
Bottom of the 6th over - 3 run(s), 3 hit(s), 0 error(s), 0 left on base; Pensacola 11 - Savannah 3
TOP OF THE 7TH
Pensacola Pilots batting - Pitching for Savannah Hogs : RHP Álex Solano
Batting: RHB Leopoldo Horgan 0-0: Ball
1-0: Ball
2-0: Ball
3-0: Called Strike
3-1: Called Strike
3-2: Foul Ball, location: 2F
3-2: Base on Balls
Batting: SHB Fernando Gutiérrez 0-0: Swinging Strike
0-1: Fielders Choice at 2nd, 1-6 (Groundball, 13S)
Batting: RHB Jesús Sánchez 0-0: Ball
1-0: Called Strike
1-1: SINGLE (Groundball, 34D)
Fernando Gutiérrez to second
Runner from 2nd tries for 3rd, SAFE, throw made to third
Batting: RHB Julian Lee 0-0: Called Strike
0-1: Ball
1-1: Foul Ball, location: 2F
1-2: Fly out, F8 (Flyball, 8RXD)
Runner from 3rd tags up, SCORES, no throw
Batting: RHB Jonny Lord 0-0: Called Strike
0-1: SINGLE (Groundball, 56D)
Jesús Sánchez to second
Batting: RHB Roberto Gómez 0-0: Foul Ball, location: 2F
0-1: Ball
1-1: Ball
2-1: Foul Ball, location: 2F
2-2: SINGLE (Groundball, 56) (infield hit)
Jesús Sánchez to third
Jonny Lord to second
Batting: LHB Nick Gamble 0-0: Ball
1-0: Ball
2-0: Ball
3-0: Called Strike
3-1: Base on Balls
Jesús Sánchez scores
Jonny Lord to third
Roberto Gómez to second
Batting: RHB Markus Cummins 0-0: Ball
1-0: Ground out 5-3 (Groundball, 56S)
Top of the 7th over - 2 run(s), 3 hit(s), 0 error(s), 3 left on base; Pensacola 13 - Savannah 3
BOTTOM OF THE 7TH
Savannah Hogs batting - Pitching for Pensacola Pilots : LHP Mario Galván
Batting: RHB Júlio Peńa 0-0: Ball
1-0: Foul Ball, location: 2F
1-1: Called Strike
1-2: Strikes out swinging
Pinch Hitting: RHB Javier Músquez 0-0: Ball
1-0: Fly out, F9 (Flyball, 9S)
Batting: RHB Ernesto Gómez 0-0: Called Strike
0-1: Fly out, F8 (Flyball, 8LM)
Bottom of the 7th over - 0 run(s), 0 hit(s), 0 error(s), 0 left on base; Pensacola 13 - Savannah 3
TOP OF THE 8TH
Pensacola Pilots batting - Pitching for Savannah Hogs : RHP Álex Solano
Now in RF: Javier Músquez
Batting: RHB Jesús García 0-0: Called Strike
0-1: Foul Ball, location: 2F
0-2: Single, Error in OF, E7, batter to second base
Batting: RHB Leopoldo Horgan 0-0: Called Strike
0-1: Ball
1-1: Ball
2-1: Swinging Strike
2-2: Strikes out swinging
Batting: SHB Fernando Gutiérrez 0-0: Ball
1-0: Ground out U3 (Groundball, 34)
Jesús García to third
Batting: RHB Jesús Sánchez 0-0: Ball
1-0: Ball
2-0: Ground out 6-3 (Groundball, 6M)
Top of the 8th over - 0 run(s), 1 hit(s), 1 error(s), 1 left on base; Pensacola 13 - Savannah 3
BOTTOM OF THE 8TH
Savannah Hogs batting - Pitching for Pensacola Pilots : LHP Mario Galván
Pitching: RHP Manuel Valdés
Batting: RHB Sergio Moreno 0-0: Called Strike
0-1: Foul Ball, location: 2F
0-2: Strikes out swinging
Batting: RHB Remi Eruzione 0-0: Ball
1-0: Swinging Strike
1-1: Swinging Strike
1-2: SINGLE (Flyball, 89S)
Batting: RHB Henry Dawson 0-0: Ball
1-0: Ball
2-0: Foul Ball, location: 2F
2-1: Called Strike
2-2: Grounds into double play, 5-4-3 (Groundball, 56)
Bottom of the 8th over - 0 run(s), 1 hit(s), 0 error(s), 0 left on base; Pensacola 13 - Savannah 3
TOP OF THE 9TH
Pensacola Pilots batting - Pitching for Savannah Hogs : RHP Álex Solano
Batting: RHB Julian Lee 0-0: Called Strike
0-1: Foul Ball, location: 2F
0-2: Strikes out swinging
Batting: RHB Jonny Lord 0-0: Called Strike
0-1: Foul Ball, location: 2F
0-2: Ball
1-2: Strikes out swinging
Batting: RHB Roberto Gómez 0-0: Ball
1-0: Foul Ball, location: 2F
1-1: Called Strike
1-2: Ball
2-2: Ball
3-2: Fly out, F4 (Popup, 4D)
Top of the 9th over - 0 run(s), 0 hit(s), 0 error(s), 0 left on base; Pensacola 13 - Savannah 3
BOTTOM OF THE 9TH
Savannah Hogs batting - Pitching for Pensacola Pilots : RHP Manuel Valdés
Now in LF: José Cordero
Now in CF: Dennis Mays
Batting: LHB Ivan Costello 0-0: Ball
1-0: Foul Ball, location: 2F
1-1: Ball
2-1: Ball
3-1: Foul Ball, location: 2F
3-2: SOLO HOME RUN (Flyball, 9D), Distance : 384 ft
Batting: LHB Juan Delgado 0-0: Foul Ball, location: 2F
0-1: Called Strike
0-2: Ball
1-2: Ball
2-2: SINGLE (Groundball, 4MD)
Batting: RHB Ignacio Rangel 0-0: Fielders Choice at 2nd, 1-4 (Groundball, 15S)
Batting: RHB Júlio Peńa 0-0: SINGLE (Flyball, 8RS)
Ignacio Rangel to second
Batting: RHB Javier Músquez 0-0: Ball
1-0: Ball
2-0: Called Strike
2-1: Ball
3-1: Foul Ball, location: 2F
3-2: Strikes out swinging
Batting: RHB Ernesto Gómez 0-0: Called Strike
0-1: Fly out, F5 (Line Drive, 5L)
Bottom of the 9th over - 1 run(s), 3 hit(s), 0 error(s), 2 left on base; Pensacola 13 - Savannah 4
Thursday, March 30th, 2017 - OOTP Baseball 17.12 Build 75